 Dungeon Crawl Stone Soup version 0.30-a0-852-g08b95dd62f (webtiles) character file.

Game seed: 4084416196634416632

126 cforsyth the Magician (level 4, -14/24 HPs)
             Began as a Deep Elf Earth Elementalist on Mar 5, 2023.
             Demolished by a gnoll
             ... wielding a +0 halberd
              (16 damage)
             ... on level 3 of the Dungeon.
             The game lasted 00:04:35 (1958 turns).

cforsyth the Magician (Deep Elf Earth Elementalist) Turns: 1958, Time: 00:04:36

Health: -14/24     AC:  3    Str:  5    XL:     4   Next: 83%
Magic:  9/13       EV: 12    Int: 22    God:
Gold:   152        SH:  0    Dex: 15    Spells: 12/13 levels left

rFire   . . .      SeeInvis .    (no weapon)
rCold   . . .      Faith    .    (no shield)
rNeg    . . .      Spirit   .    a - +0 robe
rPois   .          Reflect  .    (no helmet)
rElec   .          Rampage  .    (no cloak)
rCorr   .                        n - +0 pair of gloves
Will    .....                    (no boots)
Stlth   ++                       (no amulet)
HPRegen 0.24/turn                (no ring)
MPRegen 0.13/turn                (no ring)

@: no status effects
A: no striking features
a: no special abilities


You were on level 3 of the Dungeon.
You visited 1 branch of the dungeon, and saw 3 of its levels.

You collected 152 gold pieces.

Inventory:

Armour
 a - a +0 robe (worn)
 n - a +0 pair of gloves (worn)
Jewellery
 l - a ring of ice
Scrolls
 c - a scroll of fog {unknown}
 e - a scroll of brand weapon {unknown}
 h - a scroll of fear {unknown}
 i - 3 scrolls of teleportation {unknown}
 k - 3 scrolls of identify {unknown}
 q - a scroll of silence {unknown}
Potions
 b - a potion of magic
 d - a potion of brilliance {unknown}
 f - a potion of haste {unknown}
 g - a potion of degeneration {unknown}
 j - a potion of heal wounds {unknown}
 m - 2 potions of mutation {unknown}
 o - a potion of might {unknown}
 p - 2 potions of flight {unknown}
 r - 2 potions of berserk rage {unknown}


   Skills:
 - Level 2.4 Dodging
 - Level 2.4 Stealth
 + Level 5.3 Spellcasting
 - Level 1.1 Transmutations
 + Level 4.9 Earth Magic


You had 12 spell levels left.
You knew the following spells:

 Your Spells              Type           Power      Damage    Failure   Level
a - Sandblast             Erth           54%        2d13      1%          1

Your spell library contained the following spells:

 Spells                   Type           Power      Damage    Failure   Level
 Passwall                 Tmut/Erth      15%        N/A       4%          2
 Stone Arrow              Conj/Erth      32%        3d9       11%         3
 Petrify                  Tmut/Erth      19%        N/A       28%         4


Dungeon Overview and Level Annotations

Branches:
Dungeon (3/15)

Altars:

Shops:
D:2 (

Annotations:
D:3 Pargi


Message History

Pargi the Meek comes into view.
The gnoll closely misses you. x2
A gnoll comes into view. It is wielding a +0 halberd.
Pargi shouts!
The blast of sand hits the gnoll!
You kill the gnoll!
The gnoll shouts!
There is an open door here.
There is an escape hatch in the ceiling here.
Casting: Sandblast (safe; 1% risk of failure)
Confirm with . or Enter, or press ? or * to list all spells.
You don't know that spell.
The blast of sand hits the gnoll!
The gnoll is heavily wounded.
A gnoll breaks down the door.
Unknown command.
The blast of sand hits the gnoll!
You kill the gnoll!
The blast of sand hits the gnoll!
You kill the gnoll!
The blast of sand hits the orc!
You kill the orc!
The gnoll hits you from afar with a +0 halberd!
Ouch! That really hurt!
You are too injured to fight recklessly!
You are too injured to fight recklessly!
You are too injured to fight recklessly!
Casting: Sandblast (safe; 1% risk of failure)
Confirm with . or Enter, or press ? or * to list all spells.
Aiming: Sandblast (safe; 1% risk of failure)
Press: ? - help, Shift-Dir - straight line, f - gnoll
Aim: a gnoll, wielding a +0 halberd and wearing an amulet of magic regeneration (85% to hit)
The blast of sand hits the gnoll.
The gnoll is heavily wounded.
The gnoll hits you from afar with a +0 halberd.
The gnoll hits you from afar with a +0 halberd!
* * * LOW HITPOINT WARNING * * *
The gnoll hits you from afar with a +0 halberd!
Ouch! That really hurt!
You die...

#.#####
#...........[##.#.##
#.....#
#####........<#.....
#####.#
#####.........###.## #.#
#>.......)).........
#.######.###..#.##.#.#.##.#
#........#......#.......#.#
##......[....^..#..#.......
#..............#..###.####
#........@.g...#..........
#.........)....#.####.####
#..............#'## #.....
#.............#...########
#.............'...'.......
#............##...'#####.#
#########.##.###..g...##.#
...##.# #......##.. #.##
#.###...o..##..


You could see a gnoll.

Vanquished Creatures
  4 gnolls
  3 adders (D:2)
  4 orcs (D:3)
  8 endoplasms
  2 giant cockroaches (D:1)
  4 goblins
  5 hobgoblins
  3 jackals (D:1)
  6 kobolds
  2 quokkas (D:1)
  5 ball pythons
  4 frilled lizards
  4 rats
54 creatures vanquished.

Notes
Turn   | Place    | Note
-------+----------+-------------------------------------------
     0 | D:1      | cforsyth the Deep Elf Earth Elementalist began the quest
                  | for the Orb.
     0 | D:1      | Reached XP level 1. HP: 10/10 MP: 6/6
     8 | D:1      | Reached XP level 2. HP: 15/15 MP: 4/8
   334 | D:1      | Found a faded altar of an unknown god.
   355 | D:1      | Reached skill level 4 in Spellcasting
   430 | D:1      | Reached XP level 3. HP: 19/19 MP: 6/10
  1234 | D:2      | Reached XP level 4. HP: 24/24 MP: 8/12
  1395 | D:2      | Found Guol's Antique Weapon Boutique.
  1829 | D:3      | Reached skill level 5 in Spellcasting
  1915 | D:3      | Noticed Pargi
  1957 | D:3      | HP: 1/24 [gnoll/+0 halberd (7)]
  1958 | D:3      | Demolished by a gnoll

Illustrated notes

Levels and vault maps discovered:
D:1:      minmay_arrival_diagonal_passages, layout_rooms,
          hellmonk_ecumenical_altar_pennies_from_heaven
D:2:      layout_basic, serial_shops, shop, hangedman_decor_clover_reticule,
          minmay_cupped
D:3:      layout_basic, uniq_pargi

Skill      XL: |  1  2  3  4 |
---------------+-------------+-----
Spellcasting   | 4 5 |  5.3
Earth Magic    | 4 |  4.9
Dodging        | |  2.4
Stealth        | |  2.4
Transmutations | |  1.1

Action                     |  1- 3 |  4- 6 || total
---------------------------+-------+-------++-------
   Cast: Sandblast         |    51 |    25 ||    76
 Armour: Robe              |     3 |     1 ||     4
  Dodge: Dodged            |     8 |     4 ||    12

Table legend: (Time is in decaauts)
 A = Elapsed time spent in this place.
 B = Non-inter-level travel time spent in this place.
 C = Inter-level travel time spent in this place.
 D = Time resting spent in this place.
 E = Time spent auto-exploring this place.
 F = Levels seen in this place.
 G = Mean time per level.
                   A        B        C        D        E       F      G
               +--------+--------+--------+--------+--------+-----+--------+
         Total |   1997 |   1942 |     55 |      0 |   1636 |   3 |  665.7 |
       Dungeon |   1997 |   1942 |     55 |      0 |   1636 |   3 |  665.7 |
               +--------+--------+--------+--------+--------+-----+--------+

Top non-repeatable levels by time:
     D:2: 972 daAuts
     D:1: 778 daAuts
     D:3: 246 daAuts
